 Dungeon Crawl Stone Soup version 0.16.1-11-g651b585 (webtiles) character file.

283039 karlm the Shatterer (level 20, -5/234 HPs)
             Began as an Ogre Berserker on Apr 5, 2015.
             Was the Champion of Trog.
             Slain by a very large slime creature (32 damage)
             ... on level 1 of the Pits of Slime.
             The game lasted 02:51:04 (56180 turns).

karlm the Shatterer (Ogre Berserker)               Turns: 56180, Time: 02:51:04

Health: -5/234     AC: 23    Str: 21    XL:     20   Next: 55%
Magic:  11/29      EV: 22    Int:  8    God:    Trog [******]
Gold:   4340       SH:  0    Dex: 18    Spells: 0 memorised, 19 levels left

rFire  + + .     SeeInvis .     z - +14 dire flail of Optimality {god gift, freeze, rPois Str-3 Int+4 Dex+2}
rCold  x . .     Rnd*Rage +     Z - +4 fire dragon armour
rNeg   . . .     SustAb   .     (shield restricted)
rPois  +         Gourm    .     e - +2 hat {MR+}
rElec  +         Spirit   .     t - +2 cloak
rCorr  +         Warding  .     (gloves unavailable)
rMut   .         Stasis   .     (boots unavailable)
MR     ++++.                    m - amulet of resist corrosion
Stlth  ..........               P - ring "Sadamos" {rElec rPois MR+ Stlth-}
                                p - +5 ring of evasion

@: incredibly resistant to hostile enchantments, extremely unstealthy
A: unfitting armour, talons 1, thin skeletal structure 1, berserk 1, dopey 1,
tough skin 1, weak 2, no device heal 1
a: Burn Spellbooks, Berserk, Trog's Hand, Brothers in Arms, Renounce Religion
}: 2/15 runes: decaying, gossamer


You were on level 1 of the Pits of Slime.
You worshipped Trog.
Trog was exalted by your worship.
You were not hungry.

You visited 8 branches of the dungeon, and saw 42 of its levels.
You also visited: Bailey and Ice Cave.

You collected 4765 gold pieces.
You spent 425 gold pieces at shops.

Inventory:

Hand weapons
 z - the +14 dire flail of Optimality (weapon) {god gift, freeze, rPois Str-3 Int+4 Dex+2}
   (Trog gifted it to you on level 4 of the Lair of Beasts)

   It has been specially enchanted to freeze those struck by it, causing extra
   injury to most foes and up to half again as much damage against particularly
   susceptible opponents.
   It can also slow down cold-blooded creatures.
   It affects your strength (-3).
   It affects your intelligence (+4).
   It affects your dexterity (+2).
   It protects you from poison.
Missiles
 h - 17 javelins (quivered)
 w - 3 javelins of penetration
 H - 8 javelins of returning
 R - 21 large rocks
 Y - 3 throwing nets
Armour
 e - a +2 hat of magic resistance (worn)
 t - a +2 cloak (worn)
 Z - a +4 fire dragon armour (worn)
Jewellery
 b - the amulet "Tilewuik" {Contam +Inv rF+ rC- Regen+ Str-2}
   (You took it off a deep elf demonologist on level 3 of the Elven Halls)

   [amulet of regeneration]

   It affects your strength (-2).
   It protects you from fire.
   It makes you vulnerable to cold.
   It lets you turn invisible.
   It causes magical contamination when unequipped.
   It increases your rate of regeneration.
 g - an uncursed amulet of clarity
 m - an amulet of resist corrosion (around neck)
 o - the ring "Othrime" {+Inv +Fly rC+ Str+5 Int-2}
   (You found it on level 8 of the Lair of Beasts)

   [ring of invisibility]

   It affects your strength (+5).
   It affects your intelligence (-2).
   It protects you from cold.
   It lets you turn invisible.
   It lets you fly.
 p - a +5 ring of evasion (left hand)
 P - the ring "Sadamos" (right hand) {rElec rPois MR+ Stlth-}
   (You took it off a deep elf demonologist on level 3 of the Elven Halls)

   [ring of loudness]

   It insulates you from electricity.
   It protects you from poison.
   It affects your resistance to hostile enchantments.
   It makes you less stealthy.
Magical devices
 j - a wand of disintegration (10)
Scrolls
 a - 9 scrolls of teleportation
 f - 11 scrolls of remove curse
 i - 2 scrolls of magic mapping
 u - 6 scrolls of identify
 y - 6 scrolls of fear
 B - 2 scrolls of holy word
 D - 7 scrolls of blinking
 G - 2 scrolls of summoning
 Q - a scroll of enchant armour
 T - 2 scrolls of fog
Potions
 d - 8 potions of curing
 k - 3 potions of cancellation
 l - 2 potions of magic
 q - 20 potions of might
 r - 4 potions of heal wounds
 F - 2 potions of restore abilities
 I - a potion of resistance
 X - 7 potions of haste
Miscellaneous
 E - a disc of storms
 S - a sack of spiders
 U - a phantom mirror
Comestibles
 c - 9 meat rations


   Skills:
 * Level 21.1 Fighting
 * Level 25.0 Maces & Flails
 - Level 9.1 Throwing
 + Level 13.0 Armour
 + Level 13.9 Dodging
 - Level 1.0 Stealth
 - Level 7.3 Evocations


You had 19 spell levels left.
You didn't know any spells.

Dungeon Overview and Level Annotations

Branches:
Dungeon (15/15)            Temple (1/1) D:4            Lair (8/8) D:11
  Swamp (5/5) Lair:6       Spider (5/5) Lair:3        Slime (1/6) Lair:8
    Orc (4/4) D:10            Elf (3/3) Orc:3        Vaults (0/5) D:14
 Depths (0/5) D:15

Altars:
Ashenzari
Cheibriados
Dithmenos
Elyvilon
Fedhas
Gozag
Kikubaaqudgha
Makhleb
Nemelex Xobeh
Okawaru
Qazlal
Ru
Sif Muna
Trog
Vehumet
Xom
Yredelemnul
Zin
The Shining One
Jiyva

Shops:
Orc:4 ([*=

Portals:
Trove: D:12 (give 16 scrolls of teleportation)

Annotations:
D:3 exclusion: oklob plant
Lair:7 exclusion: ice statue


Innate Abilities, Weirdness & Mutations

You are too large for most types of armour.
You have tough skin (AC +1).
You have sharp toenails.
You have a somewhat thin skeletal structure (Dex +2, Stealth).
You tend to lose your temper in combat.
You are dopey. (Int -2)
You are very weak. (Str -4)
Potions and wands are less effective at restoring your health.


Message History

The very large slime creature is almost dead.
The very large slime creature closely misses you.
The slime creature closely misses you. The slime creature barely misses you.
The slime creature hits you but does no damage.
You barely miss the very large slime creature.
You claw the very large slime creature.
The very large slime creature is almost dead.
The very large slime creature hits you!!!
* * * LOW HITPOINT WARNING * * *
The very large slime creature closely misses you.
The slime creature misses you.
The slime creature completely misses you.
Drink which item? (? for menu, Esc to quit)
You feel much better.
The slime creature hits you but does no damage.
The very large slime creature hits you!!
* * * LOW HITPOINT WARNING * * *
The slime creature completely misses you.
The very large slime creature hits you!!
You die...

.......###.....>.........
###.#####..........##...
# ### ##.#.......#.#.
##........#...#.
#...............
##.#............
###.............
##.#......#....
#.....J@J##... #.....JJJ#
##......... ......##.#...
...... ##..... .#... ...
##.# #. ##


You could see 2 very large slime creatures and 3 slime creatures.

Vanquished Creatures
  the Lernaean hydra (Swamp:5)
  Norris (Swamp:3)
  Arachne (Spider:4)
  Nikola (Elf:3)
  A tentacled monstrosity (Swamp:5)
  3 deep elf blademasters
  2 deep elf master archers (Elf:3)
  3 acid blobs (Slime:1)
  An Executioner (Elf:3)
  The ghost of namelastname112 the Bludgeoner, a mighty DrCK of Xom (D:15)
  Frances (Swamp:1)
  2 thorn hunters
  Donald (Swamp:1)
  Wiglaf (Swamp:2)
  A frost giant (IceCv)
  5 emperor scorpions
  Aizul (Spider:2)
  7 deep elf sorcerers
  5 ghost moths
  Gastronok (D:11)
  An orc warlord (Orc:4)
  7 deep elf demonologists
  11 deep elf annihilators (Elf:3)
  6 dire elephants (Lair:8)
  Snorg (Swamp:3)
  A fire dragon (D:15)
  Josephine (D:12)
  5 deep elf death magi (Elf:3)
  Fannar (Orc:2)
  3 ghost crabs
  Harold (D:11)
  A deep elf high priest (Elf:3)
  Nessos (D:14)
  3 centaur warriors
  23 hydras
  Erica (D:13)
  7 alligators
  16 dancing weapons
  An anaconda (Lair:8)
  6 death yaks
  A vampire mage (D:15)
  Urug (D:12)
  15 deep elf knights
  The ghost of karlm the Fighter, an experienced GrFi of Okawaru (D:8)
  3 orc high priests (Orc:4)
  Nergalle (Lair:7)
  3 spriggans
  A skeletal warrior (D:15)
  5 deep elf summoners
  A spectral hydra (Swamp:4)
  A swamp dragon (shapeshifter) (D:14)
  2 unseen horrors
  An ice statue (IceCv)
  A tengu zombie (D:15)
  2 wizards (Elf:1)
  8 hill giants
  10 swamp dragons
  14 orb spiders
  9 orc knights
  16 deep elf conjurers
  An anubis guard (shapeshifter) (Elf:2)
  2 shining eyes (Slime:1)
  2 necromancers
  10 hornets
  A frost giant zombie (D:15)
  6 orc sorcerers
  4 ugly things
  18 wolf spiders
  4 cyclopes
  A manticore (D:13)
  3 griffons
  A sixfirhy (Elf:3)
  4 elephants (Lair:8)
  A moth of wrath (Spider:2)
  The ghost of giann the Magician, an experienced DEFE of Vehumet (D:5)
  Maurice (D:9)
  A small abomination (Elf:3)
  5 centaur zombies
  A black mamba (Lair:2)
  Joseph (D:9)
  24 spiny frogs
  An eye of devastation (Lair:8)
  A torpor snail (Spider:3)
  Psyche (D:13)
  2 fire drakes (Lair:7)
  18 demonic crawlers
  11 trolls
  A guardian mummy (D:15)
  A red devil (Elf:3)
  21 jumping spiders
  A wolf spider simulacrum (D:15)
  6 komodo dragons
  A wandering mushroom (Lair:7)
  8 deep elf priests
  2 freezing wraiths
  19 polar bears
  3 hellwings
  A baby alligator (shapeshifter) (D:13)
  2 two-headed ogres
  A blue devil (Orc:4)
  2 baby alligators (Swamp:3)
  9 giant leeches
  9 ravens
  6 bog bodies
  3 boulder beetles
  10 blink frogs
  33 slime creatures
  An ettin zombie (D:15)
  A fire dragon zombie (D:15)
  8 basilisks
  A spectral anubis guard (Swamp:4)
  43 redbacks
  A basilisk (shapeshifter) (Elf:3)
  4 shadows
  24 trapdoor spiders
  27 tarantellas
  3 wraiths (D:12)
  Eustachio (D:9)
  24 deep elf magi
  10 hippogriffs
  A neqoxec (Elf:3)
  Grum (D:8)
  4 wyverns
  7 hungry ghosts
  48 yaks
  23 swamp worms
  A soldier ant (D:11)
  24 vampire mosquitoes
  26 deep elf fighters
  14 insubstantial wisps
  25 wolves
  18 porcupines
  12 wargs
  20 water moccasins
  15 swamp drakes
  4 black bears
  4 sky beasts
  30 spiders
  A necrophage (D:15)
  18 ice beasts
  50 orc warriors
  7 wasps
  A boggart (Elf:1)
  An elf skeleton (Elf:2)
  2 boring beetles (Lair:8)
  4 eyes of draining
  6 centaurs
  12 ogres
  A big kobold (D:7)
  Duvessa (D:5)
  21 crocodiles
  7 phantoms
  Blork the orc (D:8)
  24 giant frogs
  A spectral water moccasin (Swamp:4)
  9 scorpions
  9 wights
  4 electric eels
  3 goliath beetles (Spider:5)
  Dowan (D:5)
  3 quasits
  A giant frog zombie (D:5)
  5 centaur skeletons
  11 jellies
  13 crimson imps
  29 orc priests
  15 hounds
  10 iguanas
  40 orc wizards
  6 giant frog skeletons
  A spectral swamp drake (Swamp:4)
  19 worker ants
  2 polar bear simulacra (Lair:2)
  3 wolf simulacra (Lair:2)
  35 sheep
  2 yak simulacra (Lair:2)
  A killer bee zombie (D:8)
  6 ogre zombies (D:10)
  Jessica (D:2)
  A hound zombie (D:10)
  Terence (D:2)
  8 gnolls
  20 adders
  81 river rats
  3 shadow imps
  4 white imps (Lair:7)
  2 giant mites
  3 worms
  2 adder zombies
  7 giant geckos
  8 oozes
  239 orcs
  A spectral bat (Swamp:4)
  7 bats
  A bat skeleton (D:7)
  7 giant cockroaches
  17 hobgoblins
  6 jackals
  10 kobolds
  2 ball pythons
  A giant gecko skeleton (D:4)
  A giant gecko zombie (D:5)
  7 giant newts
  24 goblins
  3 goblin zombies (D:10)
  2 hobgoblin zombies (D:10)
  3 orc skeletons (D:10)
  19 orc zombies
  14 quokkas
  17 rats
  4 river rat simulacra (Lair:2)
  3 ballistomycetes (D:7)
  6 briar patches
  2 crawling corpses (Elf:3)
  3 fungi
  3 plants
1852 creatures vanquished.

Vanquished Creatures (collateral kills)
  A two-headed ogre (D:9)
1 creature vanquished.

Vanquished Creatures (others)
  An insubstantial wisp (Swamp:4)
  An ice beast (D:9)
  2 lost souls (Elf:3)
  An orc wizard (D:7)
  A giant frog skeleton (D:9)
  A giant spore (D:7)
  A briar patch (Swamp:5)
  A crawling corpse (Elf:3)
  5 plants
14 creatures vanquished.

Grand Total: 1867 creatures vanquished

Notes
Turn   | Place    | Note
--------------------------------------------------------------
     0 | D:1      | karlm, the Ogre Berserker, began the quest for the Orb.
     0 | D:1      | Reached XP level 1. HP: 24/24 MP: 1/1
    29 | D:1      | Reached XP level 2. HP: 18/32 MP: 2/2
   555 | D:1      | Reached XP level 3. HP: 36/39 MP: 3/3
   791 | D:2      | Noticed Terence
   802 | D:2      | Killed Terence
   802 | D:2      | Reached skill level 5 in Maces & Flails
   944 | D:2      | Acquired Trog's second power
  1066 | D:2      | Noticed Jessica
  1076 | D:2      | Killed Jessica
  1076 | D:2      | Reached XP level 4. HP: 28/49 MP: 4/4
  1141 | D:2      | Reached skill level 1 in Stealth
  1587 | D:3      | Found a shimmering altar of Xom.
  1815 | D:3      | Reached XP level 5. HP: 55/55 MP: 5/5
  1831 | D:3      | Found a shattered altar of Ashenzari.
  1944 | D:3      | Found a sparkling altar of Nemelex Xobeh.
  2055 | D:3      | Found a blossoming altar of Fedhas.
  2066 | D:3      | Noticed an oklob plant
  2658 | D:4      | Found a sacrificial altar of Ru.
  2923 | D:4      | Reached skill level 6 in Maces & Flails
  3079 | D:4      | Found a staircase to the Ecumenical Temple.
  3088 | Temple   | Entered the Ecumenical Temple
  3378 | D:4      | Reached XP level 6. HP: 55/65 MP: 6/6
  3611 | D:4      | Noticed a black bear
  3620 | D:4      | Killed a black bear
  3620 | D:4      | Reached skill level 5 in Fighting
  3830 | D:4      | Found a white marble altar of Elyvilon.
  3830 | D:4      | Found a glowing golden altar of the Shining One.
  3830 | D:4      | Found a glowing silver altar of Zin.
  4043 | D:5      | Entered Level 5 of the Dungeon
  4089 | D:5      | Reached skill level 7 in Maces & Flails
  4269 | D:5      | Reached XP level 7. HP: 70/72 MP: 7/7
  4400 | D:5      | Found a stormy altar of Qazlal.
  4636 | D:5      | Noticed Dowan
  4637 | D:5      | Noticed Duvessa
  4649 | D:5      | Killed Duvessa
  4649 | D:5      | Reached skill level 8 in Maces & Flails
  4656 | D:5      | Killed Dowan
  4671 | D:5      | Reached XP level 8. HP: 49/83 MP: 8/8
  4863 | D:5      | Noticed giann's ghost (experienced DEFE)
  4870 | D:5      | Killed giann's ghost
  4870 | D:5      | Reached skill level 9 in Maces & Flails
  4902 | D:5      | Found a burning altar of Makhleb.
  4903 | D:5      | Found a radiant altar of Vehumet.
  5404 | D:5      | Found a deep blue altar of Sif Muna.
  5528 | D:6      | Found a deep blue altar of Sif Muna.
  5629 | D:6      | Found an ancient bone altar of Kikubaaqudgha.
  5841 | D:6      | Found a shadowy altar of Dithmenos.
  5843 | D:6      | Acquired Trog's third power
  5986 | D:6      | Reached skill level 10 in Maces & Flails
  5997 | D:6      | Reached XP level 9. HP: 93/93 MP: 9/9
  6665 | D:7      | Reached skill level 5 in Dodging
  7181 | D:7      | Reached skill level 11 in Maces & Flails
  7559 | D:8      | Noticed Blork the orc
  7559 | D:8      | Noticed karlm's ghost (experienced GrFi)
  7608 | D:8      | Reached skill level 5 in Armour
  7645 | D:8      | Killed Blork the orc
  7694 | D:8      | Killed karlm's ghost
  7694 | D:8      | Reached skill level 12 in Maces & Flails
  7694 | D:8      | Reached XP level 10. HP: 107/107 MP: 10/10
  8312 | D:8      | Noticed Grum
  8337 | D:8      | Killed Grum
  8576 | D:8      | Reached skill level 13 in Maces & Flails
  8693 | D:9      | Noticed Eustachio
  8698 | D:9      | Killed Eustachio
  8710 | D:9      | Noticed Joseph
  8845 | D:9      | Killed Joseph
  8845 | D:9      | Reached skill level 10 in Fighting
  9095 | D:9      | Noticed Maurice
  9136 | D:9      | Killed Maurice
  9193 | D:9      | Reached XP level 11. HP: 116/119 MP: 9/11
  9532 | D:10     | Entered Level 10 of the Dungeon
  9598 | D:10     | Noticed a hill giant
  9606 | D:10     | Killed a hill giant
  9841 | D:10     | Reached skill level 14 in Maces & Flails
  9918 | D:10     | Found a staircase to the Orcish Mines.
 10625 | D:11     | Noticed Gastronok
 10635 | D:11     | Killed Gastronok
 10732 | D:11     | Received a gift from Trog
 10954 | D:11     | Found a staircase to the Lair.
 10986 | D:11     | Reached skill level 1 in Evocations
 11071 | D:11     | Noticed Harold
 11092 | D:11     | Killed Harold
 11092 | D:11     | Reached skill level 15 in Maces & Flails
 11316 | D:11     | Noticed a hill giant
 11329 | D:11     | Killed a hill giant
 11333 | D:11     | Reached XP level 12. HP: 130/130 MP: 16/16
 11811 | Lair:1   | Entered Level 1 of the Lair of Beasts
 13201 | Lair:2   | Noticed an eight-headed hydra
 13212 | Lair:2   | Killed an eight-headed hydra
 13876 | Lair:2   | Received a gift from Trog
 14512 | Lair:3   | Reached skill level 16 in Maces & Flails
 15115 | Lair:3   | Found a hole to the Spider Nest.
 15361 | Lair:3   | Noticed a five-headed hydra
 15370 | Lair:3   | Killed a five-headed hydra
 16062 | Lair:4   | Reached XP level 13. HP: 141/141 MP: 20/20
 16488 | Lair:4   | Noticed a death yak
 16489 | Lair:4   | Noticed a death yak
 16489 | Lair:4   | Noticed a death yak
 16489 | Lair:4   | Noticed a death yak
 16489 | Lair:4   | Noticed a death yak
 16489 | Lair:4   | Noticed a death yak
 16514 | Lair:3   | Killed a death yak
 16563 | Lair:4   | Killed a death yak
 16573 | Lair:4   | Killed a death yak
 16578 | Lair:3   | Killed a death yak
 16585 | Lair:3   | HP: 6/141 [death yak (16)]
 17171 | Lair:4   | Killed a death yak
 17171 | Lair:4   | Reached skill level 17 in Maces & Flails
 17790 | Lair:4   | Reached skill level 5 in Evocations
 17939 | Lair:4   | Received a gift from Trog
 17955 | Lair:4   | Got a polished dire flail {god gift}
 17969 | Lair:4   | Identified the +14 dire flail of Optimality {god gift, freeze, rPois Str-3 Int+4 Dex+2} (Trog gifted it to you on level 4 of the Lair of Beasts)
 18295 | Lair:5   | Found a frozen archway.
 18397 | IceCv    | Entered an ice cave
 18849 | IceCv    | Noticed a frost giant
 18866 | IceCv    | Killed a frost giant
 18873 | IceCv    | Reached XP level 14. HP: 153/153 MP: 23/23
 19037 | IceCv    | Got an ebony great sword
 19417 | Lair:1   | Gained mutation: You have a somewhat thin skeletal structure (Dex +2, Stealth). [potion of beneficial mutation]
 19616 | Lair:5   | Got a translucent war axe
 19697 | Lair:5   | Reached skill level 18 in Maces & Flails
 20290 | Lair:6   | Found a staircase to the Swamp.
 20343 | Lair:6   | Received a gift from Trog
 20345 | Lair:6   | Identified the +5 great sword of Reason {slice, +Inv rElec rF- rN++ MR+} (You found it in an ice cave)
 20346 | Lair:6   | Identified the +6 war axe of Modesty {drain, rElec rF+ Str-2 Dex-3 SInv} (You found it on level 5 of the Lair of Beasts)
 20480 | Lair:6   | Found a deep blue altar of Sif Muna.
 21730 | Lair:7   | Reached skill level 10 in Dodging
 22329 | Lair:7   | Received a gift from Trog
 22548 | Lair:7   | Noticed Nergalle
 22557 | Lair:7   | Killed Nergalle
 22702 | Lair:8   | Entered Level 8 of the Lair of Beasts
 22775 | Lair:8   | Found a staircase to the Slime Pits.
 22776 | Lair:8   | Found a viscous altar of Jiyva.
 23449 | Lair:1   | Identified a scroll of acquirement
 24069 | Lair:8   | Reached skill level 19 in Maces & Flails
 24302 | Lair:8   | Got a wavering bronze ring
 24312 | Lair:8   | Identified the ring "Othrime" {+Inv +Fly rC+ Str+5 Int-2} (You found it on level 8 of the Lair of Beasts)
 25111 | Orc:1    | Entered Level 1 of the Orcish Mines
 25839 | Orc:2    | Noticed Fannar
 25852 | Orc:2    | Killed Fannar
 25852 | Orc:2    | Reached XP level 15. HP: 165/165 MP: 25/25
 25967 | Orc:2    | Received a gift from Trog
 26355 | Orc:3    | Found a flagged portal.
 26370 | Bailey   | Entered a bailey
 26631 | Bailey   | HP: 6/165 [orc warrior/glaive (24)]
 26640 | Bailey   | HP: 6/165 [orc/halberd (10)]
 26813 | Bailey   | HP: 8/165 [orc knight/glaive (22)]
 27404 | Orc:3    | Received a gift from Trog
 27410 | Orc:3    | Got an encrusted giant club {god gift}
 27411 | Orc:3    | Identified the +3 giant club of Afudew {god gift, freeze, rF+ rN+} (Trog gifted it to you on level 3 of the Orcish Mines)
 27423 | Orc:3    | Found a staircase to the Elven Halls.
 27667 | Orc:4    | Entered Level 4 of the Orcish Mines
 27880 | Orc:4    | Found an iron altar of Okawaru.
 28217 | Orc:4    | Received a gift from Trog
 28439 | Orc:4    | Reached skill level 10 in Armour
 28654 | Orc:4    | Found Covugeg's General Store.
 28655 | Orc:4    | Found Xaing's Jewellery Boutique.
 28656 | Orc:4    | Found Amim's Antique Armour Shop.
 28656 | Orc:4    | Found Ujepp's Antique Weapon Shop.
 28673 | Orc:4    | Bought an uncursed ring of protection from fire for 425 gold pieces
 28931 | Orc:3    | Received a gift from Trog
 28932 | Orc:3    | Got a shimmering giant spiked club {god gift}
 28933 | Orc:3    | Identified the +6 giant spiked club of the Ancient Planets {god gift, venom, Int+2} (Trog gifted it to you on level 3 of the Orcish Mines)
 28957 | Orc:3    | Reached skill level 20 in Maces & Flails
 29479 | Lair:1   | Gained mutation: You have sharp toenails. [potion of beneficial mutation]
 29564 | Spider:1 | Entered Level 1 of the Spider Nest
 29567 | Spider:1 | Reached skill level 15 in Fighting
 29745 | Spider:1 | HP: 2/167 [disintegration (34)]
 30327 | Lair:3   | Killed a death yak
 32016 | Spider:2 | Noticed Aizul
 32031 | Spider:2 | Killed Aizul
 32507 | Spider:3 | Received a gift from Trog
 32519 | Spider:3 | Identified the Volume of Weightlessness and Confrontation
 32568 | Spider:3 | Reached XP level 16. HP: 176/176 MP: 26/26
 33132 | Spider:3 | Reached skill level 1 in Throwing
 33484 | Spider:4 | Noticed Arachne
 33499 | Spider:4 | Reached skill level 21 in Maces & Flails
 33508 | Spider:4 | Killed Arachne
 34533 | Spider:4 | Received a gift from Trog
 35148 | Spider:5 | Entered Level 5 of the Spider Nest
 37164 | Spider:5 | Received a gift from Trog
 37164 | Spider:5 | Reached XP level 17. HP: 139/188 MP: 27/27
 37165 | Spider:5 | Got a jewelled giant club {god gift}
 37166 | Spider:5 | Identified the +7 giant club of Vonan {god gift, venom, Str+4} (Trog gifted it to you on level 5 of the Spider Nest)
 37606 | Spider:4 | Reached skill level 5 in Throwing
 37771 | Spider:5 | Got a gossamer rune of Zot
 38379 | D:12     | Noticed Urug
 38388 | D:12     | Killed Urug
 38388 | D:12     | Reached skill level 22 in Maces & Flails
 38683 | D:12     | Noticed Josephine
 38694 | D:12     | Killed Josephine
 38786 | D:12     | Found a portal to a secret trove of treasure.
 38819 | D:12     | Received a gift from Trog
 38821 | D:12     | Got a pitted giant club {god gift}
 38822 | D:12     | Identified the +5 giant club of Chaumak {god gift, drain, Contam rN+ Int+4} (Trog gifted it to you on level 12 of the Dungeon)
 38827 | D:12     | Gained mutation: Potions and wands are less effective at restoring your health. [mutagenic glow]
 39196 | D:13     | Noticed Psyche
 39203 | D:13     | Killed Psyche
 39261 | D:13     | Found a snail-covered altar of Cheibriados.
 39331 | D:13     | Noticed Erica
 39336 | D:13     | Killed Erica
 40173 | D:14     | Found a gate to the Vaults.
 40359 | D:14     | Noticed Nessos
 40369 | D:14     | Killed Nessos
 41174 | D:15     | Entered Level 15 of the Dungeon
 41247 | D:15     | Noticed namelastname112's ghost (mighty DrCK)
 41251 | D:15     | Paralysed by namelastname112's ghost for 3 turns
 41270 | D:15     | Killed namelastname112's ghost
 42391 | D:15     | Found a sacrificial altar of Ru.
 42473 | D:15     | Found a staircase to the Depths.
 43375 | D:10     | Received a gift from Trog
 43451 | Elf:1    | Entered Level 1 of the Elven Halls
 43653 | Elf:1    | Reached XP level 18. HP: 201/201 MP: 28/28
 44506 | Elf:2    | Received a gift from Trog
 44865 | Elf:2    | Found a huge runed gate.
 44865 | Elf:2    | Found a huge runed gate.
 44865 | Elf:2    | Found a huge runed gate.
 44872 | Elf:2    | Found a huge runed gate.
 44892 | Elf:2    | Found a huge runed gate.
 45039 | Elf:2    | Reached skill level 23 in Maces & Flails
 45221 | Elf:2    | Received a gift from Trog
 45594 | Elf:3    | Entered Level 3 of the Elven Halls
 46402 | Elf:3    | Noticed Nikola
 47446 | Elf:3    | Killed Nikola
 47446 | Elf:3    | Reached XP level 19. HP: 214/214 MP: 29/29
 47839 | Elf:3    | Received a gift from Trog
 48528 | Elf:3    | Got a brightly glowing great sword {flame}
 49039 | Elf:3    | Got a vibrating wooden ring
 49184 | Elf:3    | Got a coiled ruby amulet
 49186 | Elf:3    | Identified the amulet "Tilewuik" {Contam +Inv rF+ rC- Regen+ Str-2} (You took it off a deep elf demonologist on level 3 of the Elven Halls)
 49188 | Elf:3    | Identified the ring "Sadamos" {rElec rPois MR+ Stlth-} (You took it off a deep elf demonologist on level 3 of the Elven Halls)
 49355 | Elf:3    | Identified the Volume of Battle Magic
 49817 | Swamp:1  | Entered Level 1 of the Swamp
 49818 | Swamp:1  | Noticed Frances
 49828 | Swamp:1  | Killed Frances
 49903 | Swamp:1  | Noticed Donald
 49909 | Swamp:1  | Killed Donald
 50050 | Swamp:1  | Reached skill level 24 in Maces & Flails
 50411 | Swamp:1  | Received a gift from Trog
 50619 | Swamp:2  | Noticed Wiglaf
 50641 | Swamp:2  | Killed Wiglaf
 51685 | Swamp:3  | Noticed Norris
 51698 | Swamp:3  | Killed Norris
 52003 | Swamp:3  | Noticed Snorg
 52015 | Swamp:3  | Killed Snorg
 52177 | Swamp:4  | Found a stormy altar of Qazlal.
 53626 | Swamp:5  | Entered Level 5 of the Swamp
 53806 | Swamp:5  | Reached XP level 20. HP: 213/228 MP: 29/29
 53818 | Swamp:5  | Received a gift from Trog
 54318 | Swamp:5  | Received a gift from Trog
 54536 | Swamp:5  | Noticed the 27-headed Lernaean hydra
 54548 | Swamp:5  | Killed the 27-headed Lernaean hydra
 54746 | Swamp:5  | Got a decaying rune of Zot
 54903 | Swamp:5  | Received a gift from Trog
 55664 | Lair:8   | Gained mutation: You are weak. (Str -2) [mutagenic glow]
 55682 | Slime:1  | Entered Level 1 of the Pits of Slime
 55985 | Slime:1  | Gained mutation: You tend to lose your temper in combat. [a shining eye]
 55989 | Slime:1  | Gained mutation: You are very weak. (Str -4) [a shining eye]
 56126 | Slime:1  | Gained mutation: You are dopey. (Int -2) [a shining eye]
 56129 | Slime:1  | Reached skill level 25 in Maces & Flails
 56180 | Slime:1  | Slain by a very large slime creature

Action                   |  1- 3 |  4- 6 |  7- 9 | 10-12 | 13-15 | 16-18 | 19-21 || total
-------------------------+-------+-------+-------+-------+-------+-------+-------++-------
Melee: Mace              |    88 |   197 |    65 |       |       |       |       ||   350
       Morningstar       |       |       |   196 |       |       |       |       ||   196
       Giant spiked club |       |       |    70 |   717 |   149 |       |       ||   936
       Dire flail        |       |       |       |       |  1369 |  1405 |   823 ||  3597
Throw: Stone             |     4 |       |    13 |    18 |     1 |     5 |       ||    41
       Javelin           |       |       |       |       |    28 |     7 |     2 ||    37
Invok: Berserk           |     2 |     7 |    12 |    20 |    22 |    13 |     5 ||    81
Evoke: Wand              |       |       |       |       |       |     1 |       ||     1
  Use: Scroll            |       |       |    12 |     9 |    17 |    13 |     6 ||    57
       Potion            |       |       |       |       |    10 |     3 |     2 ||    15
 Stab: Sleeping          |       |     1 |     2 |     2 |    13 |     8 |       ||    26
       Distracted        |       |     1 |       |       |     7 |     2 |       ||    10
       Fleeing           |       |       |       |       |     1 |       |       ||     1
  Eat: Chunk             |     2 |    18 |    18 |    42 |    70 |    50 |    26 ||   226
       Meat ration       |       |       |     1 |     1 |       |       |     3 ||     5
       Pizza             |       |       |       |     1 |       |     1 |       ||     2
       Beef jerky        |       |       |       |       |     1 |     1 |       ||     2
       Bread ration      |       |       |       |       |     1 |     1 |       ||     2
       Royal jelly       |       |       |       |       |       |     1 |       ||     1
